AoeStats
← 风也温柔

Arena

511482707Analyzed
4v4 RM · 11d ago on Oct 5, 2026· 13m 1s· 8 players
Game mode
Random Map
Map size
Large (8 player)
Population
200
Speed
Normal
Resources
Standard
Victory
Conquest
Starting age
Dark Age
Ending age
Imperial Age
RankedLock teamsTeams togetherTeam positionsShared explorationLock speedFull tech treeHidden civsTurbo modeCheats
Victory
Defeat
🇹🇼 Aztecs · Taiwan
1242
+12
🇺🇸 Italians · United States
1209
+13
🇨🇳 Persians · China
1130
+16
🇨🇳 Franks · China
1039
+20
vs
🇨🇳 Franks · China
1158
-16
🇹🇷 Spanish · Türkiye
1145
-40
🇵🇱 Bulgarians · Poland
1137
-15
🇳🇮 Goths · Nicaragua
1118
-14
风也温柔
10:31 Feudal Age
8:50 Loom
14:33 Castle Age
12:54 Horse Collar
HENGLENGS
10:07 Feudal Age
10:18 Loom
14:53 Castle Age
12:41 Double-Bit Axe
.ebz
3:02 Loom
12:17 Feudal Age
Naxzh Foster
9:43 Feudal Age
15:03 Castle Age
13:17 Double-Bit Axe
Ken
10:42 Feudal Age
14:55 Castle Age
13:21 Double-Bit Axe
a506b8123il
10:52 Feudal Age
15:07 Castle Age
13:12 Double-Bit Axe
Pikachu
9:58 Feudal Age
10:59 Double-Bit Axe
13:43 Castle Age
12:02 Horse Collar
张小姐的先生
10:29 Feudal Age
14:36 Castle Age
13:09 Double-Bit Axe
Connection lost

Rejoining the realm…

Still unreachable

The connection could not be restored.

Session expired

The server has moved on; the page needs a fresh start.